 Dungeon Crawl Stone Soup version 0.16.1-11-g651b585 (webtiles) character file.

220 FlamingWeapons the Twirler (level 5, -1/25 HPs)
             Began as a Spriggan Gladiator on Apr 4, 2015.
             Was a Follower of Dithmenos.
             Succumbed to poison (a potion of poison)
             ... on level 4 of the Dungeon.
             The game lasted 00:13:03 (3725 turns).

FlamingWeapons the Twirler (Spriggan Gladiator)     Turns: 3725, Time: 00:13:03

Health: -1/25      AC:  2    Str: 11    XL:     5   Next: 64%
Magic:  10/10      EV: 20    Int: 10    God:    Dithmenos [*.....]
Gold:   151        SH:  0    Dex: 17    Spells: 0 memorised, 4 levels left

rFire  . . .     SeeInvis +     a - +0 quarterstaff
rCold  . . .     Clarity  .     b - +0 animal skin
rNeg   . . .     SustAb   .     (shield restricted)
rPois  .         Gourm    .     c - +0 hat
rElec  .         Spirit   .     (no cloak)
rCorr  .         Warding  .     (gloves unavailable)
rMut   +         Stasis   .     (boots unavailable)
MR     .....                    s - amulet of resist mutation
Stlth  ++........               (no ring)
                                (no ring)

@: lethally poisoned (-1 -> -22), wreathed by umbra, very quick, not resistant
to hostile enchantments, unstealthy
A: unfitting armour, see invisible, herbivore 3, speed 3, slow metabolism 2
a: Renounce Religion


You were on level 4 of the Dungeon.
You worshipped Dithmenos.
Dithmenos was aware of your devotion.
You were hungry.

You visited 1 branch of the dungeon, and saw 4 of its levels.

You collected 151 gold pieces.

Inventory:

Hand weapons
 a - a +0 quarterstaff (weapon)
 C - a +4 spear
Missiles
 d - 3 throwing nets
 n - 12 sling bullets of frost
 t - 23 stones (quivered)
Armour
 b - a +0 animal skin (worn)
 c - a +0 hat (worn)
Jewellery
 s - an amulet of resist mutation (around neck)
Magical devices
 D - a wand of flame (27)
Scrolls
 e - a scroll of teleportation {unknown}
 j - a scroll of noise {unknown}
 m - 2 scrolls of identify {unknown}
 o - a scroll of fog {unknown}
 q - a scroll of magic mapping {unknown}
 r - a scroll of enchant weapon {unknown}
 x - a scroll of amnesia {unknown}
 y - 2 scrolls of random uselessness {unknown}
Potions
 g - a potion of curing {unknown}
 i - 2 potions of brilliance {unknown}
 k - a potion of lignification {unknown}
 l - a potion of might {unknown}
 u - a potion of restore abilities {unknown}
 v - a potion of heal wounds {unknown}
 w - a potion of haste {unknown}
 z - 2 potions of berserk rage {unknown}
 A - a potion of magic {unknown}
Comestibles
 f - 5 bread rations
 p - 4 slices of pizza
 B - a royal jelly


   Skills:
 - Level 1.5 Fighting
 * Level 4.8 Staves
 - Level 2.1 Throwing
 - Level 4.4 Dodging


You had 4 spell levels left.
You didn't know any spells.

Dungeon Overview and Level Annotations

Branches:
Dungeon (4/15)
 Temple: D:4-7

Altars:
Dithmenos
Nemelex Xobeh
Okawaru
Trog


Innate Abilities, Weirdness & Mutations

You are tiny and cannot use many weapons and most armour.
You have supernaturally acute eyesight.
You are a herbivore.
You cover ground extremely quickly.
You need consume almost no food.


Message History

You are more poisoned.
The adder poisons you!
The worker ant falls through a shaft!
The shaft crumbles and collapses.
You closely miss the adder.
The adder is severely wounded.
* * * LOW HITPOINT WARNING * * *
You feel sick. The adder misses you. The adder misses you.
You closely miss the adder.
The adder is severely wounded.
* * * LOW HITPOINT WARNING * * *
You feel sick. The adder misses you.
You miss the adder.
The adder is severely wounded.
The adder bites you.
* * * LOW HITPOINT WARNING * * *
The adder completely misses you.
Drink which item? (? for menu, Esc to quit)
It was a potion of poison.
That liquid tasted very nasty...
You are more poisoned.
You die...

##.#### #.##.## #
##.....######.##
.####.†<...........#
..#.†.........####.. #..
#..............## .....
................### ....#
..†..........#....#.# ....#
............####@...# #.S.##
.#..##......# ##S..## #....##
###.###....## #.....# #......
#..###...###......# ##......
##.###..##..(#....## #.......
.....###.....##.....# ##.....##
.......##............####.......#
............(....................
.................................


You could see an adder.

Vanquished Creatures
  An iguana (D:4)
  2 worker ants
  6 adders
  A worm (D:2)
  3 giant geckos
  An ooze (D:2)
  6 orcs (D:3)
  2 giant cockroaches
  6 hobgoblins
  6 kobolds
  3 quokkas
  3 ball pythons
  10 bats
  3 giant newts
  9 goblins
  12 jackals
  7 rats
81 creatures vanquished.

Notes
Turn   | Place    | Note
--------------------------------------------------------------
     0 | D:1      | FlamingWeapons, the Spriggan Gladiator, began the quest for the Orb.
     0 | D:1      | Reached XP level 1. HP: 10/10 MP: 2/2
   211 | D:2      | Reached XP level 2. HP: 9/14 MP: 4/4
   755 | D:4      | Reached XP level 3. HP: 11/18 MP: 6/6
   845 | D:4      | Found a bloodstained altar of Trog.
  1010 | D:4      | Found a shadowy altar of Dithmenos.
  1018 | D:4      | Became a worshipper of Dithmenos the Shadowed
  2023 | D:2      | Reached XP level 4. HP: 18/22 MP: 8/8
  3097 | D:3      | Found a sparkling altar of Nemelex Xobeh.
  3154 | D:3      | Reached XP level 5. HP: 25/25 MP: 10/10
  3229 | D:3      | Found an iron altar of Okawaru.
  3724 | D:4      | HP: 1/25 [adder (2)]
  3725 | D:4      | Succumbed to poison (a potion of poison)

Action                   |  1- 3 |  4- 6 || total
-------------------------+-------+-------++-------
Melee: Quarterstaff      |   136 |   165 ||   301
Throw: Stone             |       |    25 ||    25
  Use: Potion            |       |     1 ||     1
 Stab: Sleeping          |     3 |     2 ||     5
